 Dungeon Crawl Stone Soup version 0.22.1-2-g9c5b331383 (webtiles) character file.

1487 Ihlosi the Sneak (level 9, 0/53 HPs)
             Began as a Kobold Gladiator on Nov 30, 2018.
             Was a Follower of Kikubaaqudgha.
             Succumbed to Pikel's poison
             ... on level 7 of the Dungeon.
             The game lasted 00:16:12 (6397 turns).

Ihlosi the Sneak (Kobold Gladiator)                 Turns: 6397, Time: 00:16:13

Health: 0/53       AC:  6    Str: 13    XL:     9   Next: 7%
Magic:  13/13      EV: 17    Int: 10    God:    Kikubaaqudgha [*.....]
Gold:   222        SH:  0    Dex: 17    Spells: 9/14 levels left

rFire    . . .     SeeInvis .   a - +1 long sword
rCold    . . .     Gourm    .   (shield restricted)
rNeg     . . .     Faith    .   b - +0 leather armour
rPois    .         Spirit   .   c - +0 helmet
rElec    .         Reflect  .   k - +0 cloak
rCorr    .         Harm     .   e - +0 pair of gloves
MR       .....                  (no boots)
Stlth    +++.......             (no amulet)
HPRegen  0.17/turn              (no ring)
MPRegen  0.13/turn              (no ring)

@: lethally poisoned (0 -> -6)
A: small, carnivore
a: Receive Corpses, Renounce Religion


You were on level 7 of the Dungeon.
You worshipped Kikubaaqudgha.
Kikubaaqudgha was aware of your devotion.
You were not hungry.

You visited 2 branches of the dungeon, and saw 8 of its levels.

You collected 222 gold pieces.

Inventory:

Hand Weapons
 a - a +1 long sword (weapon)
Missiles
 i - 32 bolts
Armour
 b - a +0 leather armour (worn)
 c - a +0 helmet (worn)
 e - a +0 pair of gloves (worn)
 k - a +0 cloak (worn)
Jewellery
 o - an uncursed ring of teleportation
Wands
 r - a wand of iceblast (3)
 t - a wand of polymorph (3)
Scrolls
 g - 3 scrolls of enchant weapon
 h - 3 scrolls of remove curse
 j - 3 scrolls of identify
 s - a scroll of fog
Potions
 l - 3 potions of mutation
 p - a potion of magic
Comestibles
 f - 6 rations


   Skills:
 * Level 4.9 Fighting
 + Level 5.0 Long Blades
 - Level 2.1 Throwing
 - Level 1.1 Armour
 + Level 5.1 Dodging
 * Level 5.6 Stealth
 - Level 3.1 Spellcasting
 * Level 1.3 Necromancy
 - Level 3.0 Translocations
 * Level 3.9 Evocations


You had 9 spell levels left.
You knew the following spells:

 Your Spells              Type           Power        Failure   Level  Hunger
a - Blink                 Tloc           N/A          16%         2    ###....
b - Vampiric Draining     Necr           #.........   52%         3    ###....

Your spell library contained the following spells:

 Spells                   Type           Power        Failure   Level  Hunger
 Animate Skeleton         Necr           N/A          21%         1    #......
 Pain                     Necr           #...         21%         1    #......
 Sublimation of Blood     Necr           #.........   30%         2    ###....
 Magic Dart               Conj           #...         34%         1    #......
 Call Imp                 Summ           #.......     47%         2    ###....
 Slow                     Hex            #.......     47%         2    ###....
 Conjure Flame            Conj/Fire      #.......     71%         3    ###....
 Mephitic Cloud           Conj/Pois/Air  #.......     71%         3    ###....


Dungeon Overview and Level Annotations

Branches:
Dungeon (7/15)             Temple (1/1) D:4

Altars:
Ashenzari
Cheibriados
Dithmenos
Elyvilon
Fedhas
Gozag
Hepliaklqana
Kikubaaqudgha
Makhleb
Nemelex Xobeh
Okawaru
Qazlal
Ru
Sif Muna
Trog
Uskayaw
Vehumet
Wu Jian
Xom
Yredelemnul
Zin
The Shining One

Shops:
D:5 *[!

Annotations:
D:5 2 transporters, highc0's ghost, novice HaWr
D:6 Edmund
D:7 Pikel


Innate Abilities, Weirdness & Mutations

You are small and have problems with some larger weapons.
You are carnivorous and can eat meat at any time.


Message History

Evoke which item? (* to show all) (? for menu, Esc to quit)
Aiming: Polymorph
Press: ? - help, Shift-Dir - straight line, f - Pikel
Aim: Pikel the black mamba (lightly wounded, chance to defeat MR: 57%) Pikel the black mamba evaporates and reforms as an eye of draining!
* * * LOW HITPOINT WARNING * * *
You feel sick.
You hit Pikel but do no damage.
* * * LOW HITPOINT WARNING * * *
You feel sick.
You hit Pikel.
Pikel is lightly wounded.
* * * LOW HITPOINT WARNING * * *
You feel sick.
You hit Pikel.
Pikel is moderately wounded.
You hit Pikel.
Pikel is moderately wounded.
You die...
Kikubaaqudgha rasps: "You have failed me!
Welcome... death!"

#.........#
#########.#
#.# #.# #.#
#.# #.#
##########.#
.......@G..#
############


You could see Pikel the eye of draining.

Vanquished Creatures
  A hippogriff (D:7)
  2 black bears (D:6)
  A sky beast (D:5)
  2 slaves (D:6)
  An ice beast (D:5)
  A boggart (D:7)
  2 wolves (D:5)
  A bullfrog (D:4)
  A scorpion (D:7)
  A howler monkey (D:4)
  A crimson imp (D:7)
  A jelly (D:7)
  A bullfrog zombie (D:5)
  A bullfrog skeleton (D:7)
  A hound (D:5)
  A gnoll shaman (D:7)
  3 orc wizards
  A centaur skeleton (D:4)
  2 iguanas
  2 worker ants
  3 gnolls (D:7)
  5 adders
  An adder skeleton (D:4)
  An adder zombie (D:5)
  2 worms (D:2)
  2 dart slugs (D:1)
  2 leopard geckos
  5 orcs
  2 ball pythons (D:1)
  3 giant cockroaches
  5 goblins
  3 hobgoblins
  4 jackals (D:5)
  4 quokkas
  3 bats
  7 frilled lizards
  7 kobolds
  6 rats
92 creatures vanquished.

Vanquished Creatures (others)
  A rat (D:3)
1 creature vanquished.

Grand Total: 93 creatures vanquished

Notes
Turn   | Place    | Note
-------+----------+-------------------------------------------
     0 | D:1      | Ihlosi the Kobold Gladiator began the quest for the Orb.
     0 | D:1      | Reached XP level 1. HP: 12/12 MP: 1/1
   214 | D:1      | Reached XP level 2. HP: 17/17 MP: 2/2
   659 | D:1      | Reached skill level 1 in Stealth
   665 | D:1      | Reached XP level 3. HP: 18/22 MP: 3/3
  1519 | D:2      | Found a faded altar of an unknown god.
  1767 | D:2      | Learned a level 2 spell: Blink
  2021 | D:2      | Reached XP level 4. HP: 27/27 MP: 4/4
  2569 | D:3      | Found a radiant altar of Vehumet.
  2994 | D:4      | Reached skill level 1 in Armour
  2994 | D:4      | Reached XP level 5. HP: 21/31 MP: 5/5
  3179 | D:4      | Reached skill level 1 in Translocations
  3179 | D:4      | Reached skill level 1 in Evocations
  3561 | D:4      | Reached skill level 1 in Spellcasting
  3580 | D:4      | Found a staircase to the Ecumenical Temple.
  3581 | D:4      | Reached XP level 6. HP: 31/36 MP: 7/7
  3617 | Temple   | Entered the Ecumenical Temple
  3707 | Temple   | Became a worshipper of Kikubaaqudgha
  4125 | D:5      | Entered Level 5 of the Dungeon
  4125 | D:5      | Found Fodo's Distillery.
  4125 | D:5      | Noticed Ijyb
  4125 | D:5      | Noticed a sky beast
  4155 | D:5      | Found Diuqacy's Assorted Antiques.
  4285 | D:5      | Found Neazum's Antique Armour Emporium.
  4329 | D:5      | Found a transporter.
  4332 | D:5      | Noticed highc0's ghost (novice HaWr)
  4355 | D:5      | Found a transporter.
  4443 | D:5      | Noticed Ijyb
  4443 | D:5      | Ijyb changed into Ijyb the wolf
  4461 | D:5      | Killed Ijyb the wolf
  4461 | D:5      | Reached XP level 7. HP: 27/41 MP: 9/9
  4490 | D:5      | HP: 2/41 [something (5)]
  4911 | D:5      | Noticed Sigmund
  4915 | D:5      | Noticed Sigmund
  4915 | D:5      | Sigmund changed into Sigmund the wolf
  4918 | D:5      | Killed Sigmund the wolf
  5424 | D:5      | Reached XP level 8. HP: 48/48 MP: 11/11
  5486 | D:6      | Found a bloodstained altar of Trog.
  5504 | D:6      | Noticed Edmund
  5507 | D:6      | Noticed Pikel
  5898 | D:7      | Reached skill level 5 in Stealth
  5909 | D:7      | Reached * piety under Kikubaaqudgha
  5909 | D:7      | Identified Kikubaaqudgha's Volume of Black Magic
                  | (Kikubaaqudgha gifted it to you on level 7 of the Dungeon)
  5909 | D:7      | Received a gift from Kikubaaqudgha
  6085 | D:7      | Learned a level 3 spell: Vampiric Draining
  6150 | D:7      | Reached skill level 5 in Dodging
  6313 | D:7      | Noticed a hippogriff
  6317 | D:7      | Killed a hippogriff
  6317 | D:7      | Reached skill level 5 in Long Blades
  6317 | D:7      | Reached skill level 1 in Necromancy
  6317 | D:7      | Reached XP level 9. HP: 45/53 MP: 13/13
  6390 | D:6      | Noticed Pikel
  6390 | D:6      | Pikel changed into Pikel the black mamba
  6393 | D:7      | Noticed Pikel
  6393 | D:7      | Pikel the black mamba changed into Pikel the eye of
                  | draining
  6393 | D:7      | HP: 2/53 [poisoned by Pikel]
  6397 | D:7      | Succumbed to Pikel's poison

Skill      XL: |  1  2  3  4  5  6  7  8 |
---------------+-------------------------+-----
Stealth        | 1 2 3 4 5 |  5.6
Dodging        | 4 5 |  5.1
Long Blades    | 3 4 5 |  5.0
Armour         | 1 |  1.1
Translocations | 1 2 3 |  3.0
Evocations     | 1 2 3 |  3.9
Spellcasting   | 1 2 3 |  3.1
Fighting       | 3 4 |  4.9
Necromancy     | 1 |  1.3
Throwing       | |  2.1

Action                   |  1- 3 |  4- 6 |  7- 9 || total
-------------------------+-------+-------+-------++-------
Melee: Long sword        |   107 |   109 |   109 ||   325
Throw: Throwing net      |     3 |     3 |       ||     6
Evoke: Wand              |       |     1 |    38 ||    39
  Use: Scroll            |       |    11 |     2 ||    13
       Potion            |       |     2 |     2 ||     4
 Stab: Sleeping          |     2 |     3 |     1 ||     6
       Held in net/web   |     1 |     1 |       ||     2
       Distracted        |       |     1 |       ||     1
  Eat: Chunk             |     9 |     9 |     1 ||    19
Armor: Leather armour    |    13 |    25 |    33 ||    71
Dodge: Dodged            |    86 |    88 |   111 ||   285
       Rpst.: Long sword |    27 |    28 |    40 ||    95
